 Dungeon Crawl Stone Soup version 0.31-a0-210-gccc998df9b (webtiles) character file.

Game seed: 16057046597577821373

2162 qw the Skirmisher (level 9, -2/79 HPs)
             Began as a Minotaur Hexslinger on June 29, 2023.
             Was an Initiate of Okawaru.
             Killed by divine providence
             ... invoked by an orc priest
              (12 damage)
             ... on level 7 of the Dungeon.
             The game lasted 00:02:08 (5588 turns).

qw the Skirmisher (Minotaur Hexslinger)             Turns: 5588, Time: 00:02:08

Health: -2/79      AC:  7    Str: 13    XL:     9   Next: 10%
Magic:  9/9        EV: 13    Int: 10    God:    Okawaru [......]
Gold:   126        SH:  0    Dex: 23    Spells: 9/10 levels left

rFire   . . .        Y - +0 longbow
rCold   . . .        (shield currently unavailable)
rNeg    . . .        o - +0 ring mail
rPois   +            (helmet restricted)
rElec   .            (no cloak)
rCorr   .            j - +1 pair of gloves
SInv    .            (no boots)
Will    .....        b - amulet of the acrobat
Stlth   +            h - +6 ring of dexterity
HPRegen 0.33/turn    a - ring of poison resistance
MPRegen 0.11/turn

%: acrobat
@: about to teleport
A: horns 2, retaliatory headbutt
a: Renounce Religion


You were on level 7 of the Dungeon.
You worshipped Okawaru.
Okawaru was noncommittal.
You visited 2 branches of the dungeon, and saw 8 of its levels.

You collected 353 gold pieces.
You spent 227 gold pieces at shops.


Innate Abilities, Weirdness & Mutations

You have a pair of horns on your head.
You reflexively headbutt those who attack you in melee.


   Skills:
 - Level 7.0 Fighting
 - Level 10.5 Ranged Weapons
 - Level 2.0 Armour
 + Level 4.7 Dodging
 - Level 1.0 Spellcasting
 - Level 2.0 Hexes
 - Level 1.4 Invocations


You had 9 spell levels left.
You knew the following spells:

 Your Spells              Type           Power      Damage    Failure   Level
a - Slow                  Hex            16%        N/A       32%         1

Your spell library contained the following spells:

 Spells                   Type           Power      Damage    Failure   Level
 Inner Flame              Hex/Fire       2%         N/A       82%         3
 Portal Projectile        Hex/Tloc       4%         N/A       82%         3
 Cause Fear               Hex            2%         N/A       97%         4

Inventory:

Hand Weapons
 Y - a +0 longbow (weapon)
Armour
 j - a +1 pair of gloves (worn)
 o - a +0 ring mail (worn)
Jewellery
 a - a ring of poison resistance (right hand)
 b - an amulet of the acrobat (around neck)
 h - a +6 ring of dexterity (left hand)
 i - a ring of resist corrosion
Wands
 e - a wand of digging (9)
Scrolls
 f - 2 scrolls of identify
Potions
 c - a potion of haste
 g - 2 potions of enlightenment
 k - 4 potions of curing
 l - 4 potions of might
 p - a potion of mutation

Dungeon Overview and Level Annotations

Branches:
Dungeon (7/15)             Temple (1/1) D:5

Altars:
Ashenzari
Dithmenos
Elyvilon
Fedhas
Gozag
Hepliaklqana
Nemelex Xobeh
Okawaru
Qazlal
Ru
Sif Muna
Trog
Uskayaw
Vehumet
Wu Jian
Xom
Yredelemnul

Shops:
D:1 *   D:3 *   D:5 *

Annotations:
D:3 2 transporters, qw's ghost, amateur GrFi
D:4 2 runed translucent doors, qw's ghost, amateur DEHu


Message History

You hear an angry growl.
The orc priest invokes the aid of Beogh against you.
Beogh smites you!
You shoot an arrow.
The arrow hits the orc priest but does no damage.
The orc priest is severely wounded.
You shoot an arrow. The arrow hits the orc priest.
The orc priest is almost dead.
The orc priest mumbles some strange prayers to Beogh against you.
Pain shoots through your body!
A bullfrog comes into view.
An orc comes into view. It is wielding a +0 falchion.
The orc priest mumbles some strange prayers to Beogh against you.
Beogh smites you!
You shoot an arrow. The bullfrog croaks.
The arrow hits the orc priest!
You kill the orc priest!
Okawaru accepts your kill.
You hear an angry growl.
The orc priest hits you from afar with a +0 trident!
Something hits you.
You shoot an arrow.
The arrow closely misses the orc priest.
The orc priest hits you from afar with a +0 trident.
Something hits you.
You shoot an arrow. The arrow closely misses the orc.
The arrow hits the orc priest.
The orc priest is moderately wounded.
The orc priest hits you from afar with a +0 trident.
You hear some strange, mumbled words.
A magic dart appears from out of thin air!
The magic dart hits you!
5588 ||| READING scroll of teleportation.
As you read the scroll of teleportation, it crumbles to dust.
You feel strangely unstable. The bullfrog hits you.
The orc priest invokes the aid of Beogh against you.
Beogh smites you!
You die...

#..............................
#.........#######.....
#.........'.....#......
#.........#.....#......
#.........#.....# ...
#.....##'######## ....
#.....#.)##.....# .....
#.....').......{#.o....
#.....#..##....@Fo.....
#.....#).##....o#......
#.....#..##.....# .....
#######))##.....# ....
...#......# ... ....+......# ..
##..##.....# . #.....#


You could see a bullfrog, an orc priest and 2 orcs.

Vanquished Creatures
  Grinder (D:3)
  Eustachio (D:6)
  Menkaure (D:6)
  2 water moccasins
  An ice beast (D:6)
  An ogre (D:5)
  A centaur (D:6)
  A phantom (D:4)
  2 scorpions (D:5)
  A howler monkey (D:6)
  9 hounds
  2 jellies
  2 orc priests
  3 sleepcaps
  3 gnoll boudas
  3 iguanas
  An orc wizard (D:5)
  12 gnolls
  18 adders
  A white imp (D:4)
  3 ufetubi
  A worm (D:3)
  A dart slug (D:1)
  10 orcs
  7 endoplasms
  3 giant cockroaches
  3 goblins
  6 hobgoblins
  4 jackals (D:1)
  4 kobolds
  5 quokkas
  8 ball pythons
  A bat (D:1)
  A frilled lizard (D:1)
  3 rats
126 creatures vanquished.

Notes
Turn   | Place    | Note
-------+----------+-------------------------------------------
     0 | D:1      | qw the Minotaur Hexslinger began the quest for the Orb.
     0 | D:1      | Reached XP level 1. HP: 16/16 MP: 1/1
     0 | D:1      | 0 ||| qw: Version: 0.3-a-24-ga2abf7b
     0 | D:1      | 0 ||| qw: Game counter: 6893
     0 | D:1      | 0 ||| qw: Melee chars always use a shield: true
     0 | D:1      | 0 ||| qw: God list: Okawaru
     0 | D:1      | 0 ||| qw: Allow faded altars: false
     0 | D:1      | 0 ||| qw: Do Orc after clearing Dungeon:15 true
     0 | D:1      | 0 ||| qw: Do second Lair branch before Depths: true
     0 | D:1      | 0 ||| qw: Lair rune preference: random
     0 | D:1      | 0 ||| qw: Goals: Normal
     0 | D:1      | 0 ||| PLANNING D:1-11
    90 | D:1      | Found Ehufus's General Store.
   102 | D:1      | 102 ||| SHOPLISTING potion of enlightenment (60 gold, have
                  | 34).
   102 | D:1      | 102 ||| SHOPLISTING potion of heal wounds (60 gold, have
                  | 34).
   102 | D:1      | 102 ||| BUYING scroll of identify (24 gold).
   102 | D:1      | Bought a scroll of identify for 24 gold pieces
   165 | D:1      | Reached skill level 3 in Ranged Weapons
   165 | D:1      | Reached XP level 2. HP: 23/23 MP: 2/2
   174 | D:1      | 174 ||| FLEEEEING.
   175 | D:1      | 175 ||| FLEEEEING.
   179 | D:1      | 179 ||| FLEEEEING.
   180 | D:1      | 180 ||| FLEEEEING.
   181 | D:1      | 181 ||| FLEEEEING.
   182 | D:1      | 182 ||| FLEEEEING.
   546 | D:1      | You fall into a shaft and drop 1 floor!
   619 | D:2      | Reached XP level 3. HP: 23/29 MP: 3/3
   658 | D:2      | Found a shadowy altar of Dithmenos.
   776 | D:2      | Reached skill level 4 in Ranged Weapons
   841 | D:2      | 841 ||| UPGRADING to +0 pair of gloves.
   846 | D:2      | 846 ||| UPGRADING to +0 leather armour.
   856 | D:2      | 856 ||| DROPPING +0 robe.
   857 | D:2      | 857 ||| UPGRADING to +0 ring mail.
   867 | D:2      | 867 ||| DROPPING +0 leather armour.
   868 | D:2      | 868 ||| UPGRADING to +6 ring of dexterity.
   869 | D:2      | 869 ||| READING scroll labelled KUAMEL RIMO.
   870 | D:2      | 870 ||| READING scroll labelled FOPOLU LAMA.
   871 | D:2      | 871 ||| READING scroll labelled HAIMIANG PISE.
   876 | D:2      | 876 ||| READING 5 scrolls of identify.
   876 | D:2      | 876 ||| IDENTIFYING red potion
   877 | D:2      | 877 ||| READING 4 scrolls of identify.
   877 | D:2      | 877 ||| IDENTIFYING metallic clear potion
   878 | D:2      | 878 ||| READING 3 scrolls of identify.
   878 | D:2      | 878 ||| IDENTIFYING golden potion
   879 | D:2      | 879 ||| READING 2 scrolls of identify.
   879 | D:2      | 879 ||| IDENTIFYING white potion
   880 | D:2      | 880 ||| DROPPING scroll of poison.
   881 | D:2      | 881 ||| DROPPING potion of attraction.
   882 | D:2      | 882 ||| DROPPING potion of brilliance.
  1138 | D:1      | 1138 ||| UPGRADING to ring of poison resistance.
  1465 | D:2      | 1465 ||| DROPPING amulet of magic regeneration.
  1526 | D:3      | Reached skill level 1 in Armour
  1529 | D:3      | 1529 ||| STAIRDANCE
  1585 | D:3      | Found a shimmering altar of Xom.
  1603 | D:3      | Found a transporter.
  1607 | D:3      | Reached XP level 4. HP: 30/36 MP: 4/4
  1629 | D:3      | Noticed qw's ghost (amateur GrFi)
  1638 | D:3      | Found a transporter.
  1880 | D:3      | Found an ornate altar of the Wu Jian Council.
  1929 | D:3      | 1929 ||| READING scroll of enchant armour.
  1929 | D:3      | 1929 ||| ENCHANTING +0 pair of gloves.
  1930 | D:3      | Found a radiant altar of Vehumet.
  1932 | D:3      | 1932 ||| FLEEEEING.
  1933 | D:3      | 1933 ||| FLEEEEING.
  1934 | D:3      | 1934 ||| FLEEEEING.
  1935 | D:3      | 1935 ||| FLEEEEING.
  1936 | D:3      | 1936 ||| FLEEEEING.
  1937 | D:3      | 1937 ||| FLEEEEING.
  1938 | D:3      | 1938 ||| FLEEEEING.
  1963 | D:3      | Noticed Grinder
  1971 | D:3      | HP: 9/36 [Grinder (6)]
  1972 | D:3      | Killed Grinder
  1973 | D:3      | Reached skill level 6 in Ranged Weapons
  1973 | D:3      | Reached XP level 5. HP: 11/41 MP: 5/5
  1973 | D:3      | Reached XP level 6. HP: 12/48 MP: 6/6
  2195 | D:3      | Found Zeob's Assorted Antiques.
  2203 | D:3      | 2203 ||| SHOPLISTING glowing orcbow (117 gold, have 107).
  2203 | D:3      | 2203 ||| BUYING glowing sling (81 gold).
  2203 | D:3      | Bought a glowing sling for 81 gold pieces
  2203 | D:3      | 2203 ||| SHOPLISTING knobbly granite ring (90 gold, have
                  | 26).
  2203 | D:3      | 2203 ||| BUYING scroll labelled ATAQUA QECEGO (18 gold).
  2203 | D:3      | Bought a scroll labelled ATAQUA QECEGO for 18 gold pieces
  2203 | D:3      | 2203 ||| SHOPLISTING scroll labelled WIUR EBEBA (18 gold,
                  | have 8).
  2203 | D:3      | 2203 ||| SHOPLISTING sharpened wooden wand (72 gold, have
                  | 8).
  2203 | D:3      | 2203 ||| SHOPLISTING shiny ring mail (126 gold, have 8).
  2203 | D:3      | 2203 ||| SHOPLISTING worn bronze wand (72 gold, have 8).
  2203 | D:3      | 2203 ||| SWAPPING to +2 sling of flaming.
  2204 | D:3      | 2204 ||| DROPPING +1 heavy sling.
  2392 | D:3      | 2392 ||| READING scroll labelled SIFIUM QAP XUO.
  2393 | D:3      | 2393 ||| READING 2 scrolls labelled ATAQUA QECEGO.
  2394 | D:3      | 2394 ||| READING 3 scrolls of identify.
  2394 | D:3      | 2394 ||| IDENTIFYING viscous coppery potion
  2395 | D:3      | 2395 ||| READING 2 scrolls of identify.
  2395 | D:3      | 2395 ||| IDENTIFYING ruby potion
  2396 | D:3      | 2396 ||| DROPPING potion of degeneration.
  2397 | D:3      | 2397 ||| DROPPING scroll of fog.
  2456 | D:4      | Reached skill level 3 in Fighting
  2581 | D:4      | Reached skill level 7 in Ranged Weapons
  2692 | D:4      | Reached XP level 7. HP: 59/59 MP: 7/7
  2706 | D:4      | Reached skill level 3 in Dodging
  2843 | D:4      | Found a runed translucent door.
  2847 | D:4      | Noticed qw's ghost (amateur DEHu)
  3018 | D:4      | Found a runed translucent door.
  3181 | D:4      | 3181 ||| UPGRADING to amulet of the acrobat.
  3186 | D:4      | 3186 ||| READING 2 scrolls of identify.
  3186 | D:4      | 3186 ||| IDENTIFYING yellow potion
  3201 | D:5      | Entered Level 5 of the Dungeon
  3205 | D:5      | 3205 ||| Stepping ~*~*~tactically~*~*~ (outnumbered).
  3207 | D:5      | 3207 ||| Stepping ~*~*~tactically~*~*~ (outnumbered).
  3213 | D:5      | Reached skill level 8 in Ranged Weapons
  3254 | D:5      | 3254 ||| SWAPPING to +0 longbow.
  3256 | D:5      | 3256 ||| DROPPING +2 sling of flaming.
  3459 | D:5      | 3459 ||| FLEEEEING.
  3467 | D:5      | Reached skill level 9 in Ranged Weapons
  3467 | D:5      | Reached XP level 8. HP: 53/68 MP: 8/8
  3598 | D:5      | Reached skill level 6 in Fighting
  3780 | D:5      | Found a staircase to the Ecumenical Temple.
  3781 | D:5      | 3781 ||| PLANNING TEMPLE
  3827 | D:5      | Found Heciemaq's Assorted Antiques.
  3854 | D:5      | 3854 ||| BUYING fluorescent wand (104 gold).
  3854 | D:5      | Bought a fluorescent wand for 104 gold pieces
  3854 | D:5      | 3854 ||| SHOPLISTING scroll of identify (52 gold, have 38).
  3854 | D:5      | 3854 ||| SHOPLISTING triangular amethyst amulet (130 gold,
                  | have 38).
  4196 | D:5      | 4196 ||| READING scroll labelled VOTEEM ICKOKK.
  4197 | D:5      | 4197 ||| DROPPING wand of polymorph (5).
  4254 | Temple   | Entered the Ecumenical Temple
  4335 | Temple   | 4335 ||| PLANNING OKAWARU WORSHIP
  4523 | Temple   | Became a worshipper of Warmaster Okawaru
  4524 | Temple   | 4524 ||| PLANNING D:1-11
  4792 | D:6      | Noticed Menkaure
  4795 | D:6      | Killed Menkaure
  4825 | D:6      | Reached skill level 10 in Ranged Weapons
  4825 | D:6      | 4825 ||| FLEEEEING.
  4828 | D:6      | 4828 ||| FLEEEEING.
  4829 | D:6      | 4829 ||| FLEEEEING.
  4830 | D:6      | 4830 ||| FLEEEEING.
  4831 | D:6      | 4831 ||| STAIRDANCE
  4901 | D:5      | 4901 ||| READING scroll labelled CUAMNIRHIRAO.
  4902 | D:5      | 4902 ||| READING 2 scrolls of identify.
  4902 | D:5      | 4902 ||| IDENTIFYING murky orange potion
  4906 | D:6      | 4906 ||| STAIRDANCE
  4980 | D:6      | 4980 ||| STAIRDANCE
  5037 | D:6      | 5037 ||| STAIRDANCE
  5096 | D:6      | 5096 ||| STAIRDANCE
  5195 | D:6      | Noticed Eustachio
  5204 | D:6      | Killed Eustachio
  5204 | D:6      | Reached * piety under Okawaru
  5242 | D:6      | Reached XP level 9. HP: 61/79 MP: 9/9
  5242 | D:6      | 5242 ||| FLEEEEING.
  5243 | D:6      | 5243 ||| FLEEEEING.
  5244 | D:6      | 5244 ||| FLEEEEING.
  5245 | D:6      | 5245 ||| FLEEEEING.
  5379 | D:6      | Reached skill level 1 in Invocations
  5545 | D:7      | 5545 ||| INVOKING Heroism.
  5579 | D:7      | 5579 ||| Stepping ~*~*~tactically~*~*~ (outnumbered).
  5587 | D:7      | HP: 16/79 [something/magic dart (7)]
  5588 | D:7      | 5588 ||| READING scroll of teleportation.
  5588 | D:7      | Killed from afar by an orc priest

Levels and vault maps discovered:
D:1:      dpeg_arrival_simpleton_c, layout_basic, serial_shops, shop,
          bh_walls_and_bars
D:2:      layout_loops_ring, basic_altar
D:3:      layout_basic, nicolae_overflow_crystal_walls, vehumet_altar_wand_db,
          mainiacjoe_overflow_surrounded_room, serial_shops, shop,
          gammafunk_ghost_arena, nicolae_half_adder, uniq_grinder
D:4:      layout_basic, ebering_ghost_sewer_f, skrybe_limestone_x,
          grunt_decor_resistance
D:5:      layout_basic, temple_pool_b, serial_shops, nicolae_shop_peninsula,
          minmay_bent
D:6:      layout_gridville, uniq_menkaure, uniq_eustachio
D:7:      layout_gridville, enter_bailey_5
Temple:   minmay_temple_curvy_branch

Skill      XL: |  1  2  3  4  5  6  7  8  9 |
---------------+----------------------------+-----
Ranged Weapons | 3 4 6 7 9 10 | 10.5
Fighting       | 2 4 5 7 |  7.0
Armour         | 1 2 |  2.0
Dodging        | 3 4 |  4.7
Invocations    | 1 |  1.4
Spellcasting   | |  1.0
Hexes          | |  2.0

Action                     |  1- 3 |  4- 6 |  7- 9 || total
---------------------------+-------+-------+-------++-------
   Fire: Sling             |   108 |    85 |    53 ||   246
         Longbow           |       |       |   162 ||   162
 Invoke: Heroism           |       |       |     1 ||     1
    Use: Scroll            |     7 |     5 |     5 ||    17
 Armour: Robe              |     8 |       |       ||     8
         Ring mail         |    15 |    14 |    36 ||    65
  Dodge: Dodged            |    35 |    28 |    72 ||   135

Table legend:
 A = Non-vault XP
 B = Vault XP
 C = Vault XP percentage of total XP
 D = Non-vault monster count
 E = Vault monster count
 F = Vault count percentage of total count
                 A         B        C        D         E       F
            +---------+---------+-------+---------+---------+-------
      Total |    2147 |     942 |  30.5 |     111 |      15 |  11.9
            +---------+---------+-------+---------+---------+-------
        D:1 |      39 |       0 |   0.0 |      21 |       0 |   0.0
        D:2 |      32 |       0 |   0.0 |      11 |       0 |   0.0
        D:3 |      62 |     299 |  82.8 |      12 |       5 |  29.4
        D:4 |     523 |       0 |   0.0 |      24 |       0 |   0.0
        D:5 |     659 |     276 |  29.5 |      21 |       8 |  27.6
        D:6 |     695 |     367 |  34.6 |      16 |       2 |  11.1
        D:7 |     137 |       0 |   0.0 |       6 |       0 |   0.0
            +---------+---------+-------+---------+---------+-------
